 Dungeon Sprint DCSS version 0.27.1-1-g398f81649c (webtiles) character file.

Game seed: 5621122615976377585

19464 boopmooplesden the Hoplite (level 12, -4/122 HPs)
             Began as a Minotaur Fighter on Sept 21, 2021.
             Was the Champion of Okawaru.
             Killed from afar by a yellow draconian knight (9 damage)
             ... with a glob of acid
             ... in the Dungeon (Sprint VII: "The Pits").
             The game lasted 00:10:57 (2826 turns).

boopmooplesden the Hoplite (Minotaur Fighter)       Turns: 2826, Time: 00:10:57

Health: -4/122     AC: 21    Str: 31    XL:     12   Next: 36%
Magic:  15/15      EV: 14    Int:  5    God:    Okawaru [******]
Gold:   76         SH: 21    Dex:  7    Spells: 11/11 levels left

rFire    . . .     SeeInvis .   s - +4 trident (freeze)
rCold    . . .     Faith    .   r - +2 kite shield
rNeg     + . .     Spirit   .   B - +3 plate armour of Itopuf {rElec rN+ Str+6 Dex-4}
rPois    +         Reflect  .   (helmet restricted)
rElec    +         Harm     .   (no cloak)
rCorr    .         Rampage  +   (no gloves)
Will     .....     NoTele   +   z - +1 pair of boots {rampage}
Stlth    ..........             (no amulet)
HPRegen  0.30/turn              F - ring of poison resistance
MPRegen  0.14/turn              u - +3 ring of evasion

@: heroic, corroded
A: horns 2, retaliatory headbutt
a: Renounce Religion, Heroism, Finesse


You were in the Dungeon.
You worshipped Okawaru.
Okawaru was exalted by your worship.
You visited 1 branch You collected 76 gold pieces.

Inventory:

Hand Weapons
 a - a +0 trident
 k - a +2 trident
 o - a +3 spear
 p - a +0 vorpal trident
 s - a +4 trident of freezing (weapon)
 y - the +1 broad axe "Wizipit" {vorpal, *Rage +Rage rCorr Str+4 Stlth+}
   (You found it in the Dungeon)

   It inflicts extra damage upon your enemies.
   Str:       It affects your strength (+4).
   +Rage:     It lets you go berserk.
   *Rage:     It may make you go berserk in combat.
   rCorr:     It protects you from acid and corrosion.
   Stlth:     It makes you more stealthy.
 A - a +2 spear of venom
 K - the +7 flail of the Saviour {speed, rPois Will+}
   (You took it off a black draconian in the Dungeon)

   Attacks with this weapon are significantly faster.
   rPois:     It protects you from poison.
   Will:      It increases your willpower.
Missiles
 I - 3 throwing nets (quivered)
 J - 7 datura-tipped darts
 M - 10 curare-tipped darts
Armour
 b - a +0 scale mail
 c - a +0 kite shield
 q - a +2 plate armour of poison resistance
 r - a +2 kite shield (worn)
 x - a +0 pair of boots
 z - a +1 pair of boots of rampaging (worn)
 B - the +3 plate armour of Itopuf (worn) {rElec rN+ Str+6 Dex-4}
   (Okawaru gifted it to you in the Dungeon)

   Str:       It affects your strength (+6).
   Dex:       It affects your dexterity (-4).
   rElec:     It insulates you from electricity.
   rN:        It protects you from negative energy.
Jewellery
 u - a +3 ring of evasion (right hand)
 v - a +3 ring of intelligence
 F - a ring of poison resistance (left hand)
 G - a ring of ice
Wands
 t - a wand of flame (7)
 N - a wand of polymorph (1)
Scrolls
 j - 3 scrolls of blinking
 m - 5 scrolls of amnesia
 n - a scroll of summoning
 C - 5 scrolls of fear
 E - 2 scrolls of enchant weapon
 H - a scroll of identify
Potions
 d - 3 potions of might
 e - 8 potions of curing
 f - 6 potions of heal wounds
 g - 2 potions of haste
 h - 4 potions of magic
 i - 5 potions of berserk rage
 l - 2 potions of invisibility
 w - 2 potions of resistance
 D - a potion of brilliance
Miscellaneous
 L - a phial of floods
 O - a phantom mirror
 P - a piece from Xom's chessboard (15/15)


   Skills:
 + Level 16.2(21.2) Fighting
 - Level 14.0(19.0) Polearms
 + Level 16.5(21.5) Armour
 + Level 4.9(9.9) Dodging
 + Level 2.2(7.2) Stealth
 + Level 23.0(27) Shields
 + Level 5.3 Invocations


You had 11 spell levels left.
You didn't know any spells.
Your spell library contained the following spells:

 Spells                   Type           Power      Damage    Failure   Level
 Freeze                   Ice            0%         1d3       88%         1
 Ensorcelled Hibernation  Hex/Ice        0%         N/A       96%         2
 Conjure Flame            Conj/Fire      0%         6-21      99%         3
 Ignite Poison            Fire/Tmut/Pois 0%         N/A       99%         3
 Sticky Flame             Conj/Fire      0%         2d3       100%        4
 Iron Shot                Conj/Erth      0%         9d1       100%        6


Dungeon Overview and Level Annotations

Branches:
Dungeon (1/1)

Altars:
Ashenzari
Cheibriados
Dithmenos
Elyvilon
Fedhas
Gozag
Hepliaklqana
Kikubaaqudgha
Makhleb
Nemelex Xobeh
Okawaru
Qazlal
Ru
Sif Muna
Trog
Uskayaw
Vehumet
Wu Jian
Xom
Yredelemnul
Zin
The Shining One
Beogh
Jiyva
Lugonu


Innate Abilities, Weirdness & Mutations

You have a pair of horns on your head.
You reflexively headbutt those who attack you in melee.


Message History

Something hits you but does no damage.
The centaur unwields a +0 shortbow.
You block the centaur's attack. The centaur barely misses you.
You hear a spitting sound.
A glob of acid appears from out of thin air!
You block the glob of acid.
The wolf spider hits you but does no damage.
You block the wolf spider's attack.
There is a huge open gate to a Minivault (Hard) here.
You feel much better.
You block the centaur's attack. x2; Something hits you.
* * * LOW HITPOINT WARNING * * *
The wolf spider hits you but does no damage.
The wolf spider bites you but does no damage.
The spriggan rider hits you from afar with a +0 spear!
* * * LOW HITPOINT WARNING * * *
You hit the great orb of eyes. You freeze the great orb of eyes.
You headbutt the great orb of eyes, but do no damage.
The great orb of eyes is lightly wounded.
You block something's attack.
The wolf spider hits you but does no damage.
You block the wolf spider's attack.
The centaur wields a +0 shortbow.
The centaur shoots an arrow.
You impale the great orb of eyes!! You freeze the great orb of eyes.
Your headbutt misses the great orb of eyes.
The great orb of eyes is heavily wounded.
The spriggan rider hits you from afar with a +0 spear!
* * * LOW HITPOINT WARNING * * *
Something hits you but does no damage. You block the wolf spider's attack.
The wolf spider barely misses you.
You feel much better. Something hits you!
* * * LOW HITPOINT WARNING * * *
The great orb of eyes completely misses you.
You furiously retaliate!
You headbutt the great orb of eyes! You block the wolf spider's attack. x2
The spriggan rider hits you from afar with a +0 spear!!
* * * LOW HITPOINT WARNING * * *
The centaur shoots an arrow.
The arrow closely misses you.
You hear a spitting sound.
A glob of acid appears from out of thin air!
The glob of acid hits you!
You die...

#..........#
###########..#....#..#
.........''..........#
.........''..........#
#########..##..#....#..#
#)#.#.#.#..##..........+
)#.#.#.##..##..........+
#.#)#.#.#..####''####++#
}#.#)#)##..####'@###
#.#÷#.#.#..##.cG{sZ#
######)##..##.#'##i#
...........##.#..'.#
......÷....##.+|Z#.#
''###########.#||'.#
''###### #.+|.#.#
.......# #.##+#.#
#......# #......#


You could see a great orb of eyes, a spriggan rider, a wolf spider, a centaur
and an adder zombie.

Vanquished Creatures
  An ophan (D)
  A black draconian (D)
  A merfolk impaler (D)
  A naga warrior (D)
  Erolcha (D)
  2 hydras (D)
  A merfolk avatar (D)
  A sun demon (D)
  A sixfirhy (D)
  A sea snake (D)
  A spriggan druid (D)
  A deep elf zephyrmancer (D)
  A harpy (D)
  A cyclops (D)
  Joseph (D)
  A black mamba (D)
  2 merfolk sirens (D)
  An orange demon (D)
  2 smoke demons (D)
  A kobold demonologist (D)
  A freezing wraith (D)
  A demonic crawler (D)
  2 hellwings (D)
  A guardian mummy (D)
  2 hornets (D)
  4 merfolk (D)
  2 polar bears (D)
  A snapping turtle (D)
  An air elemental (D)
  A shadow (D)
  2 redbacks (D)
  2 tarantellas (D)
  4 yaks (D)
  A spriggan (D)
  A vampire (D)
  A water elemental (D)
  2 ynoxinuls (D)
  Eustachio (D)
  5 vampire mosquitoes (D)
  2 nagas (D)
  A floating eye (D)
  2 orc warriors (D)
  A swamp drake (D)
  2 ice beasts (D)
  A black bear (D)
  3 wolves (D)
  2 centaurs (D)
  3 kobold brigands (D)
  2 gnoll sergeants (D)
  A scorpion (D)
  A crimson imp (D)
  A hound (D)
  3 orc priests (D)
  Terence (D)
  3 adders (D)
  9 gnolls (D)
  A river rat (D)
  3 white imps (D)
  2 ufetubi (D)
  4 orcs (D)
  A bat skeleton (D)
  2 giant cockroaches (D)
  A hobgoblin (D)
  2 jackals (D)
  4 kobolds (D)
  A ball python simulacrum (D)
  A ball python skeleton (D)
  2 bats (D)
  A frilled lizard (D)
  A quokka simulacrum (D)
122 creatures vanquished.

Vanquished Creatures (others)
  A kobold (D)
1 creature vanquished.

Grand Total: 123 creatures vanquished

Notes
Turn   | Place    | Note
-------+----------+-------------------------------------------
     0 | D        | boopmooplesden the Minotaur Fighter began the quest for the
                  | Orb.
     0 | D        | Reached XP level 1. HP: 19/19 MP: 0/0
    20 | D        | Reached skill level 4 in Shields
    20 | D        | Reached XP level 2. HP: 27/28 MP: 1/1
    46 | D        | Found a glowing golden altar of the Shining One.
    46 | D        | Found a glowing silver altar of Zin.
    46 | D        | Found a basalt altar of Yredelemnul.
    46 | D        | Found a shimmering altar of Xom.
    46 | D        | Found an ornate altar of the Wu Jian Council.
    46 | D        | Found a bloodstained altar of Trog.
    46 | D        | Found a shimmering blue altar of Sif Muna.
    46 | D        | Found a sacrificial altar of Ru.
    46 | D        | Found a stormy altar of Qazlal.
    46 | D        | Found an iron altar of Okawaru.
    46 | D        | Found a sparkling altar of Nemelex Xobeh.
    46 | D        | Found a burning altar of Makhleb.
    46 | D        | Found a viscous altar of Jiyva.
    46 | D        | Found a hazy altar of Hepliaklqana.
    46 | D        | Found an opulent altar of Gozag.
    46 | D        | Found a blossoming altar of Fedhas.
    46 | D        | Found a white marble altar of Elyvilon.
    46 | D        | Found a shadowy altar of Dithmenos.
    46 | D        | Found a snail-covered altar of Cheibriados.
    48 | D        | Found a corrupted altar of Lugonu.
    48 | D        | Found a radiant altar of Vehumet.
    49 | D        | Found an ancient bone altar of Kikubaaqudgha.
    49 | D        | Found a hide-covered altar of Uskayaw.
    49 | D        | Found a broken altar of Ashenzari.
    53 | D        | Became a worshipper of Warmaster Okawaru
    82 | D        | Reached skill level 5 in Fighting
    85 | D        | Reached skill level 5 in Shields
   312 | D        | Reached skill level 5 in Armour
   312 | D        | Reached XP level 3. HP: 36/36 MP: 2/2
   393 | D        | Noticed a centaur
   393 | D        | Noticed a gnoll sergeant
   395 | D        | Noticed a black bear
   407 | D        | Killed a black bear
   408 | D        | Reached skill level 5 in Polearms
   408 | D        | Reached skill level 1 in Dodging
   408 | D        | Reached skill level 7 in Shields
   408 | D        | Reached XP level 4. HP: 27/47 MP: 3/3
   408 | D        | Reached XP level 5. HP: 30/52 MP: 4/4
   421 | D        | Killed a centaur
   421 | D        | Reached * piety under Okawaru
   422 | D        | Reached skill level 8 in Shields
   439 | D        | Reached XP level 6. HP: 7/61 MP: 2/5
   442 | D        | Reached skill level 9 in Shields
   453 | D        | Noticed an orc warrior
   468 | D        | Killed an orc warrior
   490 | D        | Reached skill level 10 in Polearms
   680 | D        | Reached skill level 10 in Shields
   680 | D        | Reached XP level 7. HP: 66/69 MP: 6/6
   681 | D        | Noticed an orange demon
   686 | D        | Killed an orange demon
   686 | D        | Reached ** piety under Okawaru
   687 | D        | Reached skill level 10 in Armour
   687 | D        | Reached skill level 1 in Invocations
   688 | D        | Noticed Terence
   698 | D        | Reached skill level 11 in Shields
   706 | D        | Killed Terence
   707 | D        | Reached XP level 8. HP: 61/78 MP: 5/7
   839 | D        | Got the +1 broad axe "Wizipit" {vorpal, *Rage +Rage rCorr
                  | Str+4 Stlth+}
   906 | D        | Noticed Joseph
   922 | D        | Killed Joseph
   922 | D        | Reached *** piety under Okawaru
   923 | D        | Reached skill level 12 in Shields
   925 | D        | Noticed Erolcha
   926 | D        | Noticed a black mamba
   945 | D        | Killed a black mamba
   946 | D        | Reached skill level 10 in Fighting
   946 | D        | Reached XP level 9. HP: 59/85 MP: 7/9
   952 | D        | Reached skill level 13 in Shields
   966 | D        | Noticed a kobold demonologist
   973 | D        | Noticed an orange demon
   979 | D        | Killed a kobold demonologist
   981 | D        | Reached **** piety under Okawaru
   985 | D        | Noticed a hellwing
  1004 | D        | Killed a hellwing
  1005 | D        | Reached skill level 14 in Shields
  1287 | D        | Noticed a merfolk siren
  1303 | D        | Reached skill level 15 in Shields
  1312 | D        | Killed a merfolk siren
  1312 | D        | Reached ***** piety under Okawaru
  1313 | D        | Reached skill level 1 in Stealth
  1323 | D        | Noticed a freezing wraith
  1329 | D        | Killed a freezing wraith
  1330 | D        | Reached XP level 10. HP: 62/96 MP: 11/11
  1463 | D        | Noticed a sea snake
  1463 | D        | Noticed a smoke demon
  1473 | D        | Killed a sea snake
  1474 | D        | Reached skill level 16 in Shields
  1477 | D        | Killed a smoke demon
  1477 | D        | Received a gift from Okawaru
  1512 | D        | Noticed Eustachio
  1516 | D        | Noticed a deep elf zephyrmancer
  1517 | D        | Noticed a cyclops
  1518 | D        | Noticed a sixfirhy
  1524 | D        | Killed a sixfirhy
  1525 | D        | Reached skill level 17 in Shields
  1533 | D        | Killed Erolcha
  1537 | D        | Paralysed by a floating eye for 3 turns
  1546 | D        | Killed a deep elf zephyrmancer
  1547 | D        | Reached skill level 18 in Shields
  1567 | D        | Killed a cyclops
  1568 | D        | Reached XP level 11. HP: 71/107 MP: 10/13
  1585 | D        | Killed Eustachio
  1621 | D        | Reached skill level 19 in Shields
  1941 | D        | Paralysed by an air elemental for 1 turns
  1945 | D        | Reached skill level 15 in Armour
  1982 | D        | Identified the +3 plate armour of Itopuf {rElec rN+ Str+6
                  | Dex-4} (Okawaru gifted it to you in the Dungeon)
  1982 | D        | Received a gift from Okawaru
  2267 | D        | Got the Almanac of Stones and Ice
  2365 | D        | Noticed a spriggan druid
  2365 | D        | Noticed a merfolk impaler
  2366 | D        | Noticed a six-headed hydra
  2367 | D        | Noticed a merfolk avatar
  2392 | D        | Killed a merfolk avatar
  2393 | D        | Reached skill level 20 in Shields
  2406 | D        | Killed a merfolk impaler
  2426 | D        | Killed a six-headed hydra
  2427 | D        | Reached skill level 5 in Invocations
  2434 | D        | Reached skill level 21 in Shields
  2437 | D        | Killed a spriggan druid
  2439 | D        | Noticed a sun demon
  2442 | D        | Killed a sun demon
  2455 | D        | Reached skill level 15 in Fighting
  2463 | D        | Noticed a spriggan rider
  2470 | D        | Identified the +7 flail of the Saviour {speed, rPois Will+}
  2470 | D        | Noticed a black draconian
  2473 | D        | Reached XP level 12. HP: 83/119 MP: 14/14
  2483 | D        | Killed a black draconian
  2483 | D        | Reached ****** piety under Okawaru
  2483 | D        | Received a gift from Okawaru
  2484 | D        | Reached skill level 22 in Shields
  2488 | D        | Noticed a naga warrior
  2492 | D        | Noticed an ophan
  2503 | D        | Killed an ophan
  2503 | D        | Received a gift from Okawaru
  2513 | D        | Killed a naga warrior
  2798 | D        | Noticed a great orb of eyes
  2798 | D        | Noticed a yellow draconian knight
  2798 | D        | Noticed a seven-headed hydra
  2814 | D        | Killed a seven-headed hydra
  2815 | D        | Reached skill level 23 in Shields
  2820 | D        | HP: 2/122 [something (18)]
  2826 | D        | HP: 5/122 [spriggan rider (19)]
  2826 | D        | Killed from afar by a yellow draconian knight

Illustrated notes

Levels and vault maps discovered:
D:        pitsprint [storerooms_1, entrance_room_1, metal_vault_8, armoury_2,
          mini_pit_1, grid_room_1, main_hall_1, silver_pit, the_coven_3,
          the_vestibule_1, steel_vault_3, golden_pit, hallway_of_sentries,
          crystal_vault_4, iron_vault_5, final_vault]

Skill      XL: |  1  2  3  4  5  6  7  8  9 10 11 12 |
---------------+-------------------------------------+-----
Fighting       | 4 5 7 8 9 10 11 13 15 16 | 16.2
Armour         | 4 5 7 8 9 10 11 12 14 16 | 16.5
Shields        | 4 5 7 8 10 11 12 15 18 21 23 | 23.0
Polearms       | 3 5 7 10 11 14 | 14.0
Dodging        | 1 2 4 |  4.9
Invocations    | 1 2 3 4 5 |  5.3
Stealth        | 1 2 |  2.2

Action                   |  1- 3 |  4- 6 |  7- 9 | 10-12 || total
-------------------------+-------+-------+-------+-------++-------
Melee: Trident           |    37 |    66 |   124 |   325 ||   552
       Headbutt          |     6 |    10 |    28 |    71 ||   115
Invok: Heroism           |       |     2 |     6 |     6 ||    14
  Use: Potion            |       |     1 |       |     8 ||     9
Armor: Scale mail        |    24 |       |       |       ||    24
       Plate armour      |     8 |    22 |    47 |   112 ||   189
Dodge: Dodged            |    17 |    11 |    26 |   113 ||   167
Block: Kite shield       |    34 |    40 |   115 |   302 ||   491
